 Dungeon Crawl Stone Soup version 0.30.0-18-gc0e69614cb (webtiles) character file.

Game seed: 17081291423246047698

653 JanusIIV the Skirmisher (level 7, -7/44 HPs)
             Began as a Deep Elf Hunter on May 25, 2023.
             Was an Initiate of Dithmenos.
             Mangled by a gnoll bouda
             ... wielding a +0 whip
              (11 damage)
             ... on level 6 of the Dungeon.
             The game lasted 00:06:44 (3702 turns).

JanusIIV the Skirmisher (Deep Elf Hunter)           Turns: 3702, Time: 00:06:44

Health: -7/44      AC:  5    Str:  8    XL:     7   Next: 29%
Magic:  9/9        EV: 12    Int: 14    God:    Dithmenos [......]
Gold:   174        SH:  0    Dex: 20    Spells: 6/6 levels left

rFire   . . .        a - +1 shortbow
rCold   . . .        (shield currently unavailable)
rNeg    . . .        c - +0 leather armour
rPois   +            v - +0 helmet
rElec   .            A - +0 cloak
rCorr   .            (no gloves)
SInv    .            (no boots)
Will    .....        (no amulet)
Stlth   ++           w - ring of poison resistance
HPRegen 0.27/turn    (no ring)
MPRegen 0.11/turn

%: no passive effects
@: no status effects
A: no striking features
a: Renounce Religion


You were on level 6 of the Dungeon.
You worshipped Dithmenos.
Dithmenos was noncommittal.
You visited 2 branches of the dungeon, and saw 7 of its levels.

You collected 174 gold pieces.

Inventory:

Hand Weapons
 a - a +1 shortbow (weapon)
 q - a +2 short sword of draining
 t - a +0 rapier
Missiles
 m - 2 throwing nets
Armour
 c - a +0 leather armour (worn)
 v - a +0 helmet (worn)
 A - a +0 cloak (worn)
Jewellery
 s - a ring of magical power
 w - a ring of poison resistance (left hand)
 x - a ring of magical power
Wands
 y - a wand of digging (2)
Scrolls
 b - a scroll of immolation
 d - a scroll of torment {unknown}
 e - a scroll of amnesia
 f - a scroll of noise
 h - a scroll of blinking {unknown}
 k - a scroll of magic mapping {unknown}
 n - 3 scrolls of fear
 r - a scroll of fog {unknown}
 B - a scroll of teleportation
 C - 2 scrolls of identify
 D - a scroll of brand weapon {unknown}
Potions
 g - a potion of flight
 i - 2 potions of might
 j - a potion of invisibility {unknown}
 l - a potion of lignification {unknown}
 o - a potion of curing {unknown}
 p - a potion of haste {unknown}
 u - 3 potions of mutation
 z - a potion of heal wounds {unknown}


   Skills:
 + Level 4.9 Fighting
 + Level 9.1 Ranged Weapons
 - Level 2.4 Dodging
 - Level 1.2 Stealth


You had 6 spell levels left.
You didn't know any spells.
Your spell library contained the following spells:

 Spells                   Type           Power      Damage    Failure   Level
 Beastly Appendage        Tmut           0%         N/A       38%         1
 Ensorcelled Hibernation  Hex/Ice        0%         N/A       54%         2
 Passwall                 Tmut/Erth      0%         N/A       54%         2
 Wereblood                Tmut           0%         N/A       54%         2
 Spider Form              Tmut/Pois      0%         N/A       77%         3
 Swiftness                Air            0%         N/A       77%         3
 Animate Dead             Necr           0%         N/A       99%         4
 Borgnjor's Vile Clutch   Necr/Erth      0%         N/A       100%        5
 Death Channel            Necr           0%         N/A       100%        6


Dungeon Overview and Level Annotations

Branches:
Dungeon (6/15)             Temple (1/1) D:5

Altars:
Ashenzari
Dithmenos
Elyvilon
Fedhas
Gozag
Hepliaklqana
Kikubaaqudgha
Makhleb
Nemelex Xobeh
Okawaru
Sif Muna
Trog
Vehumet
Wu Jian
Xom
Yredelemnul
Zin
The Shining One

Shops:
D:4 (

Annotations:
D:3 1 runed translucent door, Crazy Yiuf
D:4 Edmund


Message History

The gnoll bouda is heavily wounded.
The gnoll closely misses you.
The gnoll hits you from afar with a +0 spear.
You shoot an arrow. The arrow hits the gnoll.
The gnoll is severely wounded.
The gnoll barely misses you. The gnoll hits you but does no damage.
You shoot an arrow. The arrow hits the gnoll!
You kill the gnoll!
Dithmenos accepts your kill.
The gnoll hits you from afar with a +0 spear.
You shoot an arrow. The arrow hits the gnoll bouda!
The gnoll bouda is severely wounded.
The gnoll bouda utters an invocation to its god.
The gnoll bouda is healed somewhat.
The gnoll hits you from afar with a +0 spear.
You are too injured to fight recklessly!
You are too injured to fight recklessly!
You are too injured to fight recklessly!
You shoot an arrow. The arrow hits the gnoll bouda!
The gnoll bouda is almost dead.
The gnoll bouda hits you with a +0 whip!
* * * LOW HITPOINT WARNING * * *
The gnoll closely misses you.
You shoot an arrow.
The arrow hits the gnoll bouda but does no damage.
The gnoll bouda is almost dead.
The gnoll bouda hits you with a +0 whip!
* * * LOW HITPOINT WARNING * * *
The gnoll hits you from afar with a +0 spear.
* * * LOW HITPOINT WARNING * * *
The gnoll bouda hits you but does no damage.
You shoot an arrow.
The arrow closely misses the gnoll bouda.
The gnoll barely misses you.
The gnoll bouda utters an invocation to its god.
The gnoll bouda is healed somewhat.
Okay, then.
The gnoll bouda attacks as you move away!
The gnoll bouda hits you with a +0 whip!
You die...

.##.# #...# ....
.##.#####.##
.....
###........#
.....
#######..####
......
###....###......
#)..............
#...##...##.##
#...####..#
#...# ##@# #...#
#g# #...# #.g
#...# .... ##
##### ..... .#
#...... .##
#....... ..#
#..<..... ..#


You could see a gnoll bouda and a gnoll (swift).

Vanquished Creatures
  A black bear (D:5)
  2 ogres
  A kobold brigand (D:4)
  A hound (D:5)
  An orc priest (D:3)
  Jessica (D:3)
  Terence (D:2)
  2 gnolls (D:6)
  9 adders
  2 ufetubi
  3 worms
  A dart slug (D:1)
  10 orcs
  4 endoplasms
  2 giant cockroaches
  12 goblins
  4 hobgoblins
  3 jackals (D:1)
  10 kobolds
  A quokka (D:5)
  4 ball pythons (D:4)
  4 bats
  10 frilled lizards
  2 rats
91 creatures vanquished.

Notes
Turn   | Place    | Note
-------+----------+-------------------------------------------
     0 | D:1      | JanusIIV the Deep Elf Hunter began the quest for the Orb.
     0 | D:1      | Reached XP level 1. HP: 12/12 MP: 3/3
    53 | D:1      | Reached XP level 2. HP: 17/17 MP: 4/4
   177 | D:1      | Reached skill level 6 in Ranged Weapons
   373 | D:1      | Reached XP level 3. HP: 21/21 MP: 5/5
   641 | D:2      | Noticed Terence
   648 | D:2      | Killed Terence
   830 | D:2      | Found a faded altar of an unknown god.
   994 | D:3      | Reached XP level 4. HP: 27/27 MP: 6/6
  1200 | D:3      | Noticed Jessica
  1202 | D:3      | Killed Jessica
  1220 | D:3      | Reached skill level 7 in Ranged Weapons
  1263 | D:3      | Reached XP level 5. HP: 32/32 MP: 7/7
  1570 | D:3      | Found a runed translucent door.
  1571 | D:3      | Noticed Crazy Yiuf
  1893 | D:4      | Found Eny Fer's Antique Weapon Shop.
  1911 | D:4      | Noticed Edmund
  1923 | D:4      | Noticed an ogre
  2040 | D:4      | Reached XP level 6. HP: 22/38 MP: 8/8
  2443 | D:5      | Entered Level 5 of the Dungeon
  2496 | D:5      | Found a staircase to the Ecumenical Temple.
  2502 | Temple   | Entered the Ecumenical Temple
  2596 | Temple   | Became a worshipper of Dithmenos the Shadowed
  2639 | D:5      | Reached skill level 8 in Ranged Weapons
  3134 | D:5      | Reached XP level 7. HP: 44/44 MP: 9/9
  3612 | D:6      | Reached skill level 9 in Ranged Weapons
  3702 | D:6      | Mangled by a gnoll bouda

Illustrated notes

Levels and vault maps discovered:
D:1:      elethiomel_arrival_shortcut, layout_rooms
D:2:      layout_basic, ebering_ecumenical_altar_box,
          corexii_item_surrounded_by_moat, chequers_serial_rivers_micro_e,
          uniq_terence
D:3:      layout_basic, uniq_jessica, uniq_crazy_yiuf_cottage
D:4:      layout_rooms, serial_shops, nicolae_square_shop, kennysheep_mini_moat,
          uniq_edmund
D:5:      layout_loops_corners, minmay_temple_entry_hall, kennysheep_path_1,
          grunt_ministairs_9, serial_bayou_crossing
D:6:      layout_basic, portal_sewer_entry_e, corner_web_ring
Temple:   hc_temple_tempest_star

Skill      XL: |  1  2  3  4  5  6  7 |
---------------+----------------------+-----
Fighting       | 2 3 4 |  4.9
Ranged Weapons | 6 7 8 9 |  9.1
Dodging        | |  2.4
Stealth        | |  1.2

Action                     |  1- 3 |  4- 6 |  7- 9 || total
---------------------------+-------+-------+-------++-------
   Fire: Shortbow          |    80 |   152 |    39 ||   271
    Use: Scroll            |       |     9 |       ||     9
 Armour: Leather armour    |     5 |    19 |     3 ||    27
  Dodge: Dodged            |    14 |    41 |     9 ||    64
